 Dungeon Crawl Stone Soup version 0.32-a0-673-g3729bd50f8 (webtiles) character file.

Game seed: 100589402587277016

557 ezpacito the Chopper (level 7, -2/54 HPs)
             Began as a Coglin Chaos Knight on Mar 10, 2024.
             Was a Plaything of Xom.
             Slain by a gnoll sergeant
             ... wielding a +1 vampiric spear
              (21 damage)
             ... on level 4 of the Dungeon.
             The game lasted 00:05:02 (3383 turns).

ezpacito the Chopper (Coglin Chaos Knight)          Turns: 3383, Time: 00:05:02

Health: -2/54      AC:  6    Str: 14    XL:     7   Next: 30%
Magic:  9/9        EV: 12    Int: 11    God:    Xom [..*...]
Gold:   62         SH:  0    Dex: 14    Spells: 0/8 levels left

rFire   . . .        a - +0 hand axe (chaos) {Arif}
rCold   . . .        r - +0 trident {Eiko}
rNeg    . . .        b - +2 leather armour
rPois   .            (no helmet)
rElec   .            g - +0 cloak
rCorr   .            (no gloves)
SInv    .            (no boots)
Will    .....        (amulet unavailable)
Stlth   ++           (ring unavailable)
HPRegen 0.29/turn    (ring unavailable)
MPRegen 0.11/turn    (no gizmo)

%: no passive effects
@: revved
A: off-hand wielding, slow wielding, warmup strikes, no jewellery
a: Invent Gizmo, Renounce Religion


You were on level 4 of the Dungeon.
You worshipped Xom.
You were a toy of Xom.
You visited 1 branch of the dungeon, and saw 4 of its levels.

You collected 149 gold pieces.
You spent 87 gold pieces at shops.

Inventory:

Hand Weapons
 a - a +0 hand axe of chaos (weapon) {Arif}
 d - a +2 whip of pain {Gabriela}
 q - the +2 dagger of Rakhlucea {pain, rN+ Dex+4}
   (You found it on level 3 of the Dungeon)

   Dex+4:     It affects your dexterity (+4).
   rN+:       It protects you from negative energy.
 r - a +0 trident (offhand) {Eiko}
Missiles
 n - 3 javelins (quivered)
 p - 8 poisoned darts
Armour
 b - a +2 leather armour (worn)
 g - a +0 cloak (worn)
Scrolls
 c - a scroll of butterflies
 e - a scroll of enchant armour {unknown}
 h - 3 scrolls of amnesia
 j - 2 scrolls of identify {unknown}
 k - a scroll of revelation {unknown}
 m - a scroll of enchant weapon {unknown}
 o - a scroll of blinking {unknown}
 t - a scroll of teleportation
Potions
 f - a potion of enlightenment {unknown}
 i - a potion of degeneration {unknown}


   Skills:
 * Level 4.1 Fighting
 * Level 4.2(4.6) Axes
 + Level 1.2(2.7) Maces & Flails
 + Level 1.6(3.0) Polearms
 * Level 3.5 Armour
 * Level 2.9 Dodging
 + Level 1.5 Stealth
 + Level 1.4 Spellcasting


You couldn't memorise any spells.
You knew the following spells:

 Your Spells              Type           Power      Damage    Failure   Level
a - Necrotise             Necr           0%         1d4       36%         1
b - Call Imp              Summ           0%         N/A       50%         2
c - Scorch                Fire           0%         2d5       50%         2
x - Vampiric Draining     Necr           0%         2d6       75%         3

Your spell library contained the following spells:

 Spells                   Type           Power      Damage    Failure   Level
 Sublimation of Blood     Necr           0%         N/A       50%         2
 Ozocubu's Armour         Ice            0%         N/A       75%         3
 Flame Wave               Conj/Fire      0%         2d4       98%         4
 Martyr's Knell           Necr/Summ      0%         N/A       98%         4
 Curse of Agony           Necr           0%         N/A       100%        5
 Metabolic Englaciation   Hex/Ice        0%         N/A       100%        5
 Sculpt Simulacrum        Ice/Alch       0%         N/A       100%        6
 Summon Cactus Giant      Summ           0%         N/A       100%        6
 Summon Hydra             Summ           0%         N/A       100%        7


Dungeon Overview and Level Annotations

Branches:
Dungeon (4/15)
 Temple: D:4-7

Altars:
Sif Muna

Shops:
D:3 (


Innate Abilities, Weirdness & Mutations

You can wield a second weapon in your off-hand.
It takes a long time for you to wield or remove held weapons.
Your first few attacks do less damage.
You cannot equip rings or amulets.


Message History

You take 9 damage, and have 34/54 hp.
You barely miss the gnoll sergeant with your +0 trident.
The gnoll sergeant is lightly wounded.
You barely miss the gnoll sergeant with your +0 hand axe of chaos.
The gnoll sergeant hits you with a +1 vampiric spear.
The gnoll sergeant draws strength from your wounds!
You take 1 damage, and have 33/54 hp.
You barely miss the gnoll sergeant with your +0 trident.
The gnoll sergeant is lightly wounded.
You hit the gnoll sergeant but do no damage.
The gnoll sergeant blinks!
You closely miss the gnoll with your +0 hand axe of chaos.
You completely miss the gnoll with your +0 trident.
The gnoll barely misses you. The gnoll closely misses you.
The gnoll sergeant barely misses you.
You hit the gnoll with your +0 hand axe of chaos.
The gnoll is poisoned.
The gnoll is lightly wounded.
You hit the gnoll with your +0 trident. The gnoll barely misses you.
The gnoll closely misses you. The gnoll sergeant closely misses you.
The gnoll sergeant hits you from afar with a +1 vampiric spear!
The gnoll hits you from afar with a +0 spear.
The gnoll hits you with a +0 flail.
You take 11 damage, and have 23/54 hp.
MASSIVE DAMAGE!!
You hit the gnoll with your +0 hand axe of chaos.
The gnoll seems to grow stronger.
The gnoll is moderately wounded.
You barely miss the gnoll with your +0 trident.
The gnoll hits you with a +0 flail.
The gnoll hits you from afar with a +0 spear.
* * * LOW HITPOINT WARNING * * *
The gnoll sergeant barely misses you.
You take 9 damage, and have 14/54 hp.
You feel much better. The gnoll hits you with a +0 flail!
The gnoll closely misses you.
The gnoll sergeant hits you from afar with a +1 vampiric spear.
You regained 5 hp, and now have 19/54 hp.
The gnoll sergeant hits you with a +1 vampiric spear!!
You die...
Xom is highly amused!

#.# #.# ###
#.# ..# #.#
#.# ##.# #.#
#... #g#
#########...
#g#
#.........##
#@#
#.#########
#g# #.# #.#
#.# #.# #.#
#.#####.#
#.......#
#########


You could see a gnoll sergeant (strong) and 2 gnolls.

Vanquished Creatures
  A black bear (D:4)
  A bombardier beetle (D:3)
  Crazy Yiuf (D:3)
  2 hounds
  A sleepcap (D:4)
  An iguana (D:4)
  Natasha (twice) (D:3)
  2 orc wizards (D:4)
  A hound skeleton (D:3)
  A hound zombie (D:3)
  5 gnolls
  4 adders
  An adder zombie (D:3)
  An adder skeleton (D:3)
  A dart slug (D:1)
  An adder simulacrum (D:3)
  An orc (D:4)
  12 endoplasms
  2 giant cockroaches
  9 goblins
  6 hobgoblins
  5 kobolds
  4 quokkas
  5 ball pythons
  7 bats
  A quokka skeleton (D:3)
  7 rats
85 creatures vanquished.

Notes
Turn   | Place    | Note
-------+----------+-------------------------------------------
     0 | D:1      | ezpacito the Coglin Chaos Knight began the quest for the
                  | Orb.
     0 | D:1      | Reached XP level 1. HP: 18/18 MP: 1/1
   222 | D:1      | Reached skill level 1 in Dodging
   222 | D:1      | Reached XP level 2. HP: 24/24 MP: 2/2
   340 | D:1      | XOM: silly message
   727 | D:1      | Reached XP level 3. HP: 29/29 MP: 3/3
  1076 | D:2      | Reached XP level 4. HP: 6/35 MP: 4/4
  1726 | D:3      | Found Addopuot's Antique Weapon Shoppe.
  1755 | D:3      | Reached XP level 5. HP: 33/41 MP: 4/6
  1823 | D:3      | XOM: 11-stop teleportation journey
  2100 | D:3      | Reached skill level 1 in Polearms
  2316 | D:3      | Noticed Natasha
  2324 | D:3      | Killed Natasha
  2325 | D:3      | Reached skill level 1 in Stealth
  2325 | D:3      | Reached skill level 1 in Spellcasting
  2327 | D:3      | Reached XP level 6. HP: 27/48 MP: 7/7
  2336 | D:3      | Identified the +2 dagger of Rakhlucea {pain, rN+ Dex+4}
  2472 | D:3      | Noticed Natasha
  2480 | D:3      | Killed Natasha
  2573 | D:3      | Found a runed translucent door.
  2574 | D:3      | Noticed Crazy Yiuf
  2663 | D:3      | Killed Crazy Yiuf
  2742 | D:4      | Noticed a black bear
  2746 | D:4      | XOM: noise
  2748 | D:4      | XOM: swap monsters
  2749 | D:4      | XOM: enchant monster (good)
  2756 | D:4      | Killed a black bear
  2757 | D:4      | Reached skill level 1 in Maces & Flails
  2757 | D:4      | Reached XP level 7. HP: 25/54 MP: 8/8
  2950 | D:4      | XOM: divination: detect creatures
  3143 | D:4      | Learned a level 1 spell: Necrotise
  3146 | D:4      | Learned a level 2 spell: Call Imp
  3150 | D:4      | Learned a level 3 spell: Vampiric Draining
  3153 | D:4      | Learned a level 2 spell: Scorch
  3189 | D:4      | Found a shimmering blue altar of Sif Muna.
  3282 | D:3      | Bought a trident for 87 gold pieces
  3288 | D:3      | XOM: silly message
  3383 | D:4      | Slain by a gnoll sergeant

Illustrated notes

Levels and vault maps discovered:
D:1:      dpeg_arrival_tiny_c, layout_loops_corners
D:2:      layout_basic
D:3:      minmay_evil_eye, layout_basic, serial_shops, shop,
          dilly_guarded_unrand_morg, uniq_crazy_yiuf_cottage
D:4:      layout_loops_ring, mainiacjoe_overflow_chevrons, led_sif_book,
          uniq_menkaure, uniq_duvessa

Skill      XL: |  1  2  3  4  5  6 |
---------------+-------------------+-----
Dodging        | 1 2 |  2.9
Armour         | 2 3 |  3.5
Polearms       | 1 |  1.6
Stealth        | 1 |  1.5
Spellcasting   | 1 |  1.4
Fighting       | 4 |  4.1
Axes           | 4 |  4.2
Maces & Flails | 1 |  1.2

Action                     |  1- 3 |  4- 6 |  7- 9 || total
---------------------------+-------+-------+-------++-------
  Melee: Hand axe          |    81 |    61 |    23 ||   165
         Dagger            |    76 |    36 |    13 ||   125
         Whip              |       |    25 |       ||    25
         Trident           |       |       |    17 ||    17
    Use: Potion            |     3 |     4 |     1 ||     8
         Scroll            |     1 |     2 |       ||     3
   Stab: Confused          |     1 |       |     1 ||     2
         Held in net/web   |     1 |       |       ||     1
         Sleeping          |     1 |       |       ||     1
         Petrified         |       |       |     1 ||     1
 Armour: Leather armour    |    55 |    50 |    22 ||   127
  Dodge: Dodged            |    34 |    42 |    17 ||    93

Table legend: (Time is in decaauts)
 A = Elapsed time spent in this place.
 B = Non-inter-level travel time spent in this place.
 C = Inter-level travel time spent in this place.
 D = Time resting spent in this place.
 E = Time spent auto-exploring this place.
 F = Levels seen in this place.
 G = Mean time per level.
                   A        B        C        D        E       F      G
               +--------+--------+--------+--------+--------+-----+--------+
         Total |   3395 |   3132 |    263 |     72 |   2507 |   4 |  848.8 |
       Dungeon |   3395 |   3132 |    263 |     72 |   2507 |   4 |  848.8 |
               +--------+--------+--------+--------+--------+-----+--------+

Top non-repeatable levels by time:
     D:3: 1044 daAuts
     D:1: 883 daAuts
     D:2: 850 daAuts
     D:4: 617 daAuts
